 Dungeon Crawl Stone Soup version 0.28.0 (webtiles) character file.

Game seed: 103325864861978691

4398 GrayStillPlays the Shield-Bearer (level 10, -2/55 HPs)
             Began as a Vine Stalker Fighter on Feb 12, 2022.
             Was a Follower of Ashenzari.
             Slain by a six-headed hydra (5 damage)
             ... on level 7 of the Dungeon.
             The game lasted 00:18:43 (8364 turns).

GrayStillPlays the Shield-Bearer (VSFi)             Turns: 8364, Time: 00:18:44

Health: -2/55      AC: 15    Str: 26    XL:     10   Next: 35%
Magic:  0/21       EV: 11    Int: 12    God:    Ashenzari [*.....]
Gold:   382        SH:  6    Dex: 13    Spells: 23/23 levels left

rFire   . . .      SeeInvis .   t - +1 dagger (elec) {short}
rCold   . . .      Faith    .   c - +0 buckler of Curses and Power {Evo, Alch} (curse)
rNeg    . . .      Spirit   +   C - +0 steam dragon scales
rPois   .          Reflect  .   B - +1 helmet
rElec   .          Harm     .   (no cloak)
rCorr   .          Rampage  .   n - +0 pair of gloves
Will    +....                   e - +0 pair of boots of Ashenzari's Hedonism {Melee, Elem} (curse)
Stlth   +.........              (no amulet)
HPRegen 0.98/turn               s - +4 ring of protection
MPRegen 0.17/turn               x - +6 ring of strength

@: no status effects
A: fangs 3, regeneration 1, magic shield, antimagic bite, no potion heal 2
a: Renounce Religion, Curse Item, Shatter the Chains


You were on level 7 of the Dungeon.
You worshipped Ashenzari.
Ashenzari was aware of your devotion.
You visited 1 branch of the dungeon, and saw 8 of its levels.
You also visited: Bailey.

You collected 382 gold pieces.


Innate Abilities, Weirdness & Mutations

You have razor-sharp teeth.
Your natural rate of healing is unusually fast.
When hurt, damage is shared between your health and your magic reserves.
Your bite disrupts and absorbs the magic of your enemies.
Potions cannot restore your health.


   Skills:
 + Level 7.3 Fighting
 - Level 1.7(2.4) Axes
 + Level 6.7 Armour
 + Level 7.3 Shields
 + Level 7.3 Spellcasting


You had 23 spell levels left.
You didn't know any spells.
Your spell library contained the following spells:

 Spells                   Type           Power      Damage    Failure   Level
 Sandblast                Erth           8%         2d5       19%         1
 Animate Skeleton         Necr           8%         N/A       21%         1
 Magic Dart               Conj           16%        1d3       21%         1
 Pain                     Necr           16%        1d4       21%         1
 Corpse Rot               Necr/Air       8%         N/A       28%         2
 Passwall                 Tmut/Erth      3%         N/A       28%         2
 Call Imp                 Summ           4%         N/A       30%         2
 Mephitic Cloud           Conj/Pois/Air  4%         N/A       50%         3
 Stone Arrow              Conj/Erth      8%         3d7       50%         3
 Vampiric Draining        Necr           4%         2d6       52%         3
 Dispel Undead            Necr           4%         3d7       89%         4
 Death Channel            Necr           2%         N/A       100%        6

Inventory:

Hand Weapons
 a - a +0 war axe {axe}
 f - a +1 dagger of speed {short}
   (You took it off a goblin on level 1 of the Dungeon)
 k - a +1 dagger of venom {short}
   (You took it off a goblin on level 1 of the Dungeon)
 t - a +1 dagger of electrocution (weapon) {short}
   (You took it off an orc wizard on level 4 of the Dungeon)
 I - a +0 short sword of venom {short}
   (You found it on level 7 of the Dungeon)
Missiles
 g - 299 stones {throwing}
 h - 47 poisoned darts {throwing}
 p - 59 sling bullets
 z - 31 bolts
 G - 46 arrows
 K - 13 boomerangs {throwing}
 M - 5 curare-tipped darts (quivered) {=fthrowing}
 N - 4 datura-tipped darts {throwing}
 P - 4 atropa-tipped darts {throwing}
Armour
 b - a +0 scale mail
 c - the cursed +0 buckler of Curses and Power (worn) {Evo, Alch}

   It has a curse which improves the following skills: Evocations: Evocations.
   Alchemy:   Poison Magic and Transmutations.
 e - the cursed +0 pair of boots of Ashenzari's Hedonism (worn) {Melee, Elem}
   (You found it on level 1 of the Dungeon)

   It has a curse which improves the following skills: Melee Combat: Short
   Blades, Long Blades, Axes, Maces & Flails, Polearms, Staves and Unarmed
   Combat.
   Elements:  Fire Magic, Ice Magic, Air Magic and Earth Magic.
 n - a +0 pair of gloves (worn)
   (You found it on level 1 of the Dungeon)
 w - a +1 robe of positive energy
   (You took it off an orc wizard on level 5 of the Dungeon)
 B - a +1 helmet (worn)
   (You found it on level 6 of the Dungeon)
 C - +0 steam dragon scales (worn)
   (You found it on level 6 of the Dungeon)
 F - a +0 kite shield
   (You found it on level 6 of the Dungeon)
 L - the +1 robe of Protective Custody {-Tele Harm rPois Will+}
   (You found it on level 8 of the Dungeon)

   rPois:     It protects you from poison.
   -Tele:     It prevents most forms of teleportation.
   Harm:      It increases damage dealt and taken.
   Will:      It increases your willpower.
 O - the +2 leather armour of Reasonable Miracles {Str+5 Dex-3}
   (You found it in a bailey)

   Str:       It affects your strength (+5).
   Dex:       It affects your dexterity (-3).
Magical Staves
 U - a staff of cold {!astaff}
   (You found it on level 7 of the Dungeon)
Jewellery
 d - a +6 ring of dexterity
   (You found it on level 6 of the Dungeon)
 s - a +4 ring of protection (left hand)
   (You found it on level 4 of the Dungeon)
 x - a +6 ring of strength (right hand)
   (You found it on level 5 of the Dungeon)
 J - a ring of poison resistance
   (You found it on level 7 of the Dungeon)
 V - a ring of positive energy
   (You found it on level 7 of the Dungeon)
Wands
 D - a wand of acid (6)
   (You found it on level 6 of the Dungeon)
Scrolls
 j - 6 scrolls of teleportation {@r4}
 l - a scroll of blinking {!r}
 q - a scroll of vulnerability {!r!r}
 u - a scroll of brand weapon
 v - 4 scrolls of identify {@r1}
 y - a scroll of magic mapping {!r}
 S - a scroll of fear
 T - a scroll of enchant weapon
Potions
 i - a potion of haste {@q3}
 m - 4 potions of curing {@q1}
 o - 2 potions of attraction {!q}
 r - 3 potions of heal wounds {@q2}
 A - a potion of degeneration {!q@e2}
 E - a potion of berserk rage {!q}
 H - 2 potions of lignification {!q}
 R - 2 potions of might
Miscellaneous
 Q - a piece from Xom's chessboard (14/15)
   (You found it in a bailey)

Dungeon Overview and Level Annotations

Branches:
Dungeon (8/15)             Temple (0/1) D:5          Bailey (visited)
   Lair: D:8-11

Altars:
Ashenzari
Elyvilon
Nemelex Xobeh
Okawaru
Trog
Zin

Shops:
D:6 :

Annotations:
D:7 3 runed translucent doors, axecop's ghost, novice DsAK

#......#...# #.####.#.#.# #.#
#.#D#.# #.# #.#.#.# #.#
#.#.#.# #.# #.#.#.# # #.#
#.#.#.# ##################.#
#.#.#.# ...............D@..#
#.#.#.#
.#########...##########.#.#.#
..########.#.# #.......#)#
.............# #.###.###.###
#..#######.### #.# #.......#
##.# #.# #.# #########
##.#######.# #.#
..........>########.#
.#..###.............#


You could see a six-headed hydra.


Message History

* * * LOW HITPOINT WARNING * * *
You block the six-headed hydra's attack. 😨 HP[-3] MP[+5]
You take 3 damage, and now have 17/55 hp.
You regained 5 mp, and now have 17/21 mp.
You barely miss the six-headed hydra. Your bite misses the six-headed hydra.
The six-headed hydra closely misses you.
The six-headed hydra bites you.
* * * LOW HITPOINT WARNING * * *
The six-headed hydra barely misses you. The six-headed hydra bites you.
* * * LOW HITPOINT WARNING * * *
The six-headed hydra bites you but does no damage. x2 😨 HP[-1] MP[-3]
You take 1 damage, and now have 16/55 hp.
You lost 3 mp, and now have 14/21 mp. 😨 HP[+1] 😨 HP[+1] MP[+1] 😨 HP[+1] 😨 HP[+1] 😨 HP[+1] 😨 HP[+1] 😨 HP[+1] MP[+1] 😨 HP[+1] 😨 HP[+1] 😨 HP[+1] 😨 HP[+1] 😮 HP[+1] 😮 HP[+1] MP[+1] 😮 HP[+1]
There is a stone staircase leading down here. 😮 HP[+1] 😮 HP[+1] 😮 HP[+1] 😮 HP[+1] 😮 HP[+1] MP[+1] 😮 HP[+1] 😮 HP[+1] 😮 HP[+1] 😮 HP[+1] 😮 HP[+1]
You hit the six-headed hydra.
The six-headed hydra closely misses you.
The six-headed hydra bites you but does no damage.
The six-headed hydra barely misses you.
You block the six-headed hydra's attack. x2
The six-headed hydra bites you! 😮 HP[-4] MP[-1]
You take 4 damage, and now have 36/55 hp.
You lost 1 mp, and now have 17/21 mp.
You hit the six-headed hydra. You bite the six-headed hydra.
You drain its power.
You feel invigorated.
The six-headed hydra bites you but does no damage.
The six-headed hydra barely misses you. The six-headed hydra bites you!
The six-headed hydra closely misses you.
The six-headed hydra completely misses you.
You block the six-headed hydra's attack. 😮 HP[-8] MP[-2]
You take 8 damage, and now have 28/55 hp.
You lost 2 mp, and now have 15/21 mp.
You hit the six-headed hydra but do no damage.
Your bite misses the six-headed hydra.
You block the six-headed hydra's attack. x2
The six-headed hydra misses you.
The six-headed hydra bites you but does no damage.
The six-headed hydra misses you.
The six-headed hydra bites you but does no damage. 😮 HP[+1]
You barely miss the six-headed hydra. You bite the six-headed hydra!
You drain its power.
You feel invigorated.
The six-headed hydra bites you but does no damage.
The six-headed hydra bites you. The six-headed hydra bites you!
* * * LOW HITPOINT WARNING * * *
You block the six-headed hydra's attack.
The six-headed hydra completely misses you.
The six-headed hydra bites you.
* * * LOW HITPOINT WARNING * * *
😨 HP[-9] MP[-2]
You take 9 damage, and now have 20/55 hp.
You lost 2 mp, and now have 13/21 mp.
You barely miss the six-headed hydra. Your bite misses the six-headed hydra.
The six-headed hydra bites you!
* * * LOW HITPOINT WARNING * * *
The six-headed hydra bites you.
* * * LOW HITPOINT WARNING * * *
You block the six-headed hydra's attack.
The six-headed hydra bites you!
* * * LOW HITPOINT WARNING * * *
The six-headed hydra bites you.
* * * LOW HITPOINT WARNING * * *
You block the six-headed hydra's attack. 😱 HP[-13] MP[-8]
You take 13 damage, and now have 7/55 hp.
MASSIVE DAMAGE!! (PAUSE)
You lost 8 mp, and now have 5/21 mp. 😱 HP[+1]
The six-headed hydra bites you but does no damage.
The six-headed hydra bites you!
* * * LOW HITPOINT WARNING * * *
The six-headed hydra bites you!
You die...

Skill      XL: |  1  2  3  4  5  6  7  8  9 10 |
---------------+-------------------------------+-----
Spellcasting   | 1 2 3 4 5 6 7 |  7.3
Shields        | 3 4 5 6 7 |  7.3
Fighting       | 3 4 5 6 7 |  7.3
Armour         | 3 4 5 6 |  6.7
Axes           | |  1.7

Action                   |  1- 3 |  4- 6 |  7- 9 | 10-12 || total
-------------------------+-------+-------+-------+-------++-------
Melee: War axe           |     7 |       |       |       ||     7
       Dagger            |    89 |   270 |   261 |    14 ||   634
       Bite              |    27 |    82 |   113 |    30 ||   252
       Short sword       |       |       |    99 |    57 ||   156
Throw: Dart              |       |       |       |     6 ||     6
Invok: Curse Item        |       |     1 |     1 |       ||     2
Evoke: Wand              |       |       |     2 |     1 ||     3
       Piece from Xom's  |       |       |       |     1 ||     1
  Use: Scroll            |       |     1 |     3 |       ||     4
       Potion            |       |       |     1 |       ||     1
 Stab: Sleeping          |       |       |     2 |       ||     2
Armor: Scale mail        |    48 |   135 |    75 |       ||   258
       Steam dragon scal |       |       |   190 |    67 ||   257
Dodge: Dodged            |    47 |   134 |   251 |    70 ||   502
Block: Buckler           |    38 |    66 |   129 |    45 ||   278

Levels and vault maps discovered:
D:1:      minmay_arrival_diagonal_passages, layout_basic
D:2:      layout_basic, basic_altar, grunt_ministairs_4, serial_bayou_pond_b,
          minmay_hedge_maze, minmay_misc_feat_rows, minmay_rat_hole,
          uniq_natasha
D:3:      layout_loops_corners, ebering_ecumenical_altar_webs,
          corexii_leaking_fountain, grunt_decor_arrowhead, serial_bayou_pond_d,
          hangedman_glass_teeth
D:4:      layout_basic, jmf_multi_god_temple, minmay_mini_ossuary
D:5:      layout_basic, nemelex_altar_shiori, temple_hall, uniq_grinder
D:6:      layout_basic, nicolae_shop_self_help
D:7:      nzn_winding_woodlands_three_and_one [nzn_winding_woodlands_5x15_cabin,
          nzn_winding_woodlands_5x15_river_crossing,
          nzn_winding_woodlands_5x15_lazy_stream,
          nzn_winding_woodlands_center_diamonds], layout_basic, okawaru_trees_1,
          gammafunk_ghost_nasty_kobolds
D:8:      layout_basic, lightli_temple_of_fire, enter_bailey_2,
          minmay_shattered_shrine

Notes
Turn   | Place    | Note
-------+----------+-------------------------------------------
     0 | D:1      | GrayStillPlays the Vine Stalker Fighter began the quest for
                  | the Orb.
     0 | D:1      | Reached XP level 1. HP: 11/11 MP: 2/2
     0 | D:1      | magus.rc [v1.9.6]
   427 | D:1      | Reached XP level 2. HP: 16/16 MP: 3/3
   833 | D:1      | Reached skill level 1 in Spellcasting
   948 | D:1      | Reached skill level 3 in Shields
   960 | D:1      | Reached XP level 3. HP: 14/19 MP: 3/5
   964 | D:1      | Reached skill level 3 in Fighting
  1360 | D:1      | You pick up a book of Minor Magic and begin reading...
  1360 | D:1      | You add the spells Magic Dart, Call Imp and Mephitic Cloud
                  | to your library.
  1547 | D:2      | Noticed Natasha
  1557 | D:2      | Killed Natasha
  1558 | D:2      | Gained mutation: Your natural rate of healing is unusually
                  | fast. [Vine Stalker growth]
  1558 | D:2      | Reached XP level 4. HP: 24/24 MP: 5/7
  1666 | D:2      | Noticed Natasha
  1673 | D:2      | Killed Natasha
  1674 | D:2      | Reached skill level 3 in Armour
  1739 | D:2      | Reached skill level 2 in Spellcasting
  1793 | D:2      | Reached XP level 5. HP: 27/28 MP: 7/9
  2058 | D:2      | Found a broken altar of Ashenzari.
  2078 | D:2      | Noticed Natasha
  2090 | D:2      | Killed Natasha
  2111 | D:2      | Became a worshipper of Ashenzari the Shackled
  2735 | D:3      | Found a faded altar of an unknown god.
  2772 | D:3      | You pick up a book of Geomancy and begin reading...
  2772 | D:3      | You add the spells Sandblast, Passwall and Stone Arrow to
                  | your library.
  3160 | D:3      | Reached XP level 6. HP: 33/33 MP: 10/10
  3593 | D:4      | Found a glowing silver altar of Zin.
  3593 | D:4      | Found a white marble altar of Elyvilon.
  3650 | D:4      | Reached skill level 4 in Fighting
  3650 | D:4      | Reached skill level 4 in Shields
  3650 | D:4      | Reached skill level 3 in Spellcasting
  3800 | D:4      | Reached XP level 7. HP: 31/37 MP: 12/12
  4301 | D:5      | Entered Level 5 of the Dungeon
  4367 | D:5      | Reached skill level 4 in Armour
  4510 | D:5      | Reached skill level 4 in Spellcasting
  4594 | D:5      | Noticed Grinder
  4595 | D:5      | Paralysed by Grinder for 4 turns
  4606 | D:5      | Killed Grinder
  4607 | D:5      | Gained mutation: You have razor-sharp teeth. [Vine Stalker
                  | growth]
  4607 | D:5      | Reached XP level 8. HP: 33/42 MP: 10/15
  4768 | D:5      | Found a staircase to the Ecumenical Temple.
  4877 | D:5      | Found a sparkling altar of Nemelex Xobeh.
  4966 | D:5      | Reached skill level 5 in Shields
  5009 | D:5      | Reached skill level 5 in Fighting
  5259 | D:6      | Reached * piety under Ashenzari
  5340 | D:6      | Noticed a yak
  5344 | D:6      | Noticed a yak
  5350 | D:6      | Noticed a yak
  5375 | D:6      | Killed a yak
  5378 | D:6      | Killed a yak
  5379 | D:6      | Reached skill level 5 in Armour
  5379 | D:6      | Reached skill level 5 in Spellcasting
  5386 | D:6      | Killed a yak
  5387 | D:6      | Reached XP level 9. HP: 44/48 MP: 16/18
  5651 | D:6      | You pick up a book of Necromancy and begin reading...
  5651 | D:6      | You add the spells Pain, Animate Skeleton and Vampiric
                  | Draining to your library.
  5755 | D:6      | You pick up a book of Decay and begin reading...
  5755 | D:6      | You add the spells Corpse Rot, Dispel Undead and Death
                  | Channel to your library.
  6109 | D:6      | Found Sujeann's Self-Improvement Boutique.
  6282 | D:7      | Reached skill level 6 in Shields
  6288 | D:7      | Reached skill level 6 in Fighting
  6517 | D:7      | Found a runed translucent gate.
  6518 | D:7      | Found a runed translucent gate.
  6532 | D:7      | Reached skill level 6 in Spellcasting
  6534 | D:7      | Noticed axecop's ghost (novice DsAK)
  6542 | D:7      | Found a runed translucent gate.
  6542 | D:7      | Noticed a kobold demonologist
  6605 | D:7      | Noticed a six-headed hydra
  6606 | D:7      | Noticed a boulder beetle
  6612 | D:7      | HP: 11/48 [bullfrog (5)]
  6918 | D:7      | HP: 12/49 [six-headed hydra (2)]
  6934 | D:7      | HP: 11/49 [boulder beetle (16)]
  6937 | D:7      | Found an iron altar of Okawaru.
  6986 | D:8      | Found a bloodstained altar of Trog.
  7061 | D:8      | Found a flagged portal.
  7061 | D:8      | Identified the +1 robe of Protective Custody {-Tele Harm
                  | rPois Will+}
  7069 | Bailey   | Entered a bailey
  7101 | Bailey   | HP: 11/49 [kobold brigand (2)]
  7188 | Bailey   | Reached skill level 6 in Armour
  7279 | Bailey   | HP: 12/49 [orc warrior (6)]
  7283 | Bailey   | Reached XP level 10. HP: 17/53 MP: 11/21
  7347 | Bailey   | Identified the +2 leather armour of Reasonable Miracles
                  | {Str+5 Dex-3}
  7348 | Bailey   | Found an iron altar of Okawaru.
  7456 | D:8      | Reached skill level 7 in Fighting
  7456 | D:8      | Reached skill level 7 in Shields
  7554 | D:8      | Noticed a two-headed ogre
  7576 | D:8      | Killed a two-headed ogre
  7577 | D:8      | Reached skill level 7 in Spellcasting
  7659 | D:8      | Noticed a deep elf pyromancer
  8362 | D:7      | HP: 13/55 [six-headed hydra (1)]
  8364 | D:7      | HP: 3/55 [six-headed hydra (6)]
  8364 | D:7      | Slain by a six-headed hydra

Vanquished Creatures
  A two-headed ogre (D:8)
  Grinder (D:5)
  A wyvern (D:7)
  3 yaks (D:6)
  A steam dragon (D:6)
  2 water moccasins (D:8)
  3 orc warriors (Bailey)
  An ogre (D:4)
  2 centaurs
  2 phantoms
  8 kobold brigands
  3 scorpions
  A bullfrog (D:8)
  A wyvern skeleton (D:5)
  3 water moccasin skeletons
  4 howler monkeys
  A centaur zombie (D:7)
  A bullfrog zombie (D:5)
  4 hounds
  2 jellies (D:7)
  A gnoll shaman (D:7)
  A centaur skeleton (D:7)
  An orc priest (D:8)
  An iguana (D:5)
  Natasha (thrice) (D:2)
  7 orc wizards
  A mummy (D:4)
  8 gnolls
  6 adders
  An adder zombie (D:5)
  3 worms
  2 dart slugs
  19 orcs
  7 endoplasms
  4 giant cockroaches
  6 goblins
  11 hobgoblins
  15 jackals
  6 quokkas
  9 ball pythons
  7 bats
  A frilled lizard (D:1)
  A hobgoblin zombie (D:4)
  19 kobolds
  2 kobold zombies (D:4)
  An orc zombie (D:4)
  20 rats (D:2)
208 creatures vanquished.

Vanquished Creatures (others)
  8 plants
8 creatures vanquished.

Grand Total: 216 creatures vanquished

Table legend:
 A = Non-vault XP
 B = Vault XP
 C = Vault XP percentage of total XP
 D = Non-vault monster count
 E = Vault monster count
 F = Vault count percentage of total count
                 A         B        C        D         E       F
            +---------+---------+-------+---------+---------+-------
      Total |    4390 |    1894 |  30.1 |     153 |      55 |  26.4
            +---------+---------+-------+---------+---------+-------
        D:1 |      41 |       0 |   0.0 |      24 |       0 |   0.0
        D:2 |     159 |      65 |  29.0 |      32 |      25 |  43.9
        D:3 |      55 |       0 |   0.0 |      21 |       0 |   0.0
        D:4 |     273 |     136 |  33.3 |      17 |       7 |  29.2
        D:5 |     467 |     267 |  36.4 |      13 |       1 |   7.1
        D:6 |    1230 |       0 |   0.0 |      17 |       0 |   0.0
        D:7 |     841 |     254 |  23.2 |      18 |       4 |  18.2
        D:8 |    1324 |      85 |   6.0 |      11 |       1 |   8.3
     Bailey |       0 |    1087 | 100.0 |       0 |      17 | 100.0
            +---------+---------+-------+---------+---------+-------

Illustrated notes

Table legend:
 A = Kills in this place as a percentage of kills in entire the game.
 B = Kills by you in this place as a percentage of kills by you in the entire game.
 C = Kills by friends in this place as a percentage of kills by friends in the entire game.
 D = Other kills in this place as a percentage of other kills in the entire game.
 E = Experience gained in this place as a percentage of experience gained in the entire game.
 F = Experience gained in this place divided by the number of levels of this place that you have seen.
                   A       B       C       D       E      F
               +-------+-------+-------+-------+-------+----------------------
         Total | 100.0 | 100.0 |   N/A |   N/A | 100.0 | 698.2
       Dungeon |  91.8 |  91.8 |   N/A |   N/A |  82.7 | 649.6
        Bailey |   8.2 |   8.2 |   N/A |   N/A |  17.3 | 1087.0
               +-------+-------+-------+-------+-------+----------------------

Table legend: (Time is in decaauts)
 A = Elapsed time spent in this place.
 B = Non-inter-level travel time spent in this place.
 C = Inter-level travel time spent in this place.
 D = Time resting spent in this place.
 E = Time spent auto-exploring this place.
 F = Levels seen in this place.
 G = Mean time per level.
                   A        B        C        D        E       F      G
               +--------+--------+--------+--------+--------+-----+--------+
         Total |   8435 |   8154 |    281 |    366 |   5575 |   9 |  937.2 |
       Dungeon |   8081 |   7800 |    281 |    313 |   5510 |   8 | 1010.1 |
        Bailey |    354 |    354 |      0 |     53 |     65 |   1 |  354.0 |
               +--------+--------+--------+--------+--------+-----+--------+

Top non-repeatable levels by time:
     D:1: 1389 daAuts
     D:7: 1243 daAuts
     D:6: 1234 daAuts
     D:2: 994 daAuts
     D:3: 990 daAuts
     D:4: 928 daAuts
     D:5: 884 daAuts
     D:8: 415 daAuts
  Bailey: 354 daAuts
